 Dungeon Crawl Stone Soup version 0.24-a0-335-g06ca16af6c (webtiles) character file.

Game seed: 5469169366773500257

365784 EnegeticOcto the Warrior (level 21, -4/152 HPs)
             Began as a Demonspawn Venom Mage on May 18, 2019.
             Was a High Priest of Hepliaklqana.
             Slain by a tengu reaver
             ... wielding a +2 great mace of protection
              (15 damage)
             ... while paralysed by a lich
             ... on level 2 of the Depths on May 20, 2019.
             The game lasted 02:16:29 (52375 turns).

EnegeticOcto the Warrior (Demonspawn Venom Mage)   Turns: 52375, Time: 02:16:29

Health: -4/152     AC: 23    Str:  9    XL:     21   Next: 89%
Magic:  31/35      EV:  2    Int: 27    God:    Hepliaklqana [*****.]
Gold:   2903       SH:  0    Dex: 13    Spells: 2/40 levels left

rFire    + . .     SeeInvis .   a - +9 demon trident of Guile {drain, +Inv Stlth+}
rCold    . . .     Gourm    .   P - +0 shield {reflect}
rNeg     . . .     Faith    .   F - +5 scale mail of the Trombone {+Blink rElec}
rPois    +         Spirit   .   (helmet unavailable)
rElec    +         Reflect  +   s - +2 cloak {rPois}
rCorr    +         Harm     .   D - +2 pair of gloves
MR       ++...     Clarity  +   R - +2 pair of boots {run}
Stlth    +++.......             n - amulet of magic regeneration
HPRegen  4.35/turn              d - ring of protection from magic
MPRegen  0.49/turn              X - ring of resist corrosion

@: paralysed, lethally poisoned (-4 -> -4), studying Armour, deflect missiles,
quick
A: reduced essence, horns 3, clarity, clever 1, clumsy 1, demonic guardian 1,
fire resistance 1, powered by death 3, wild magic 1, evolution 1, sturdy frame 3
}: 1/15 runes: gossamer
a: Recall Ancestor, Ancestor Identity, Transference, Idealise, Renounce
Religion, Evoke Blink, Evoke Invisibility


You were on level 2 of the Depths.
You worshipped Hepliaklqana.
Hepliaklqana was extremely pleased with you.
You were hungry.

You visited 8 branches of the dungeon, and saw 40 of its levels.
You visited the Abyss 1 time.
You also visited: Sewer, Gauntlet and Ice Cave.

You collected 4896 gold pieces.
You spent 1993 gold pieces at shops.

Inventory:

Hand Weapons
 a - the +9 demon trident of Guile (weapon) {drain, +Inv Stlth+}
   (You acquired it on level 4 of the Lair of Beasts)

   A truly terrible weapon, it drains the life of those it strikes.
   It lets you turn invisible.
   It makes you more stealthy.
 b - a +9 demon trident of electrocution
Missiles
 N - 2 throwing nets (quivered) {!f}
Armour
 s - a +2 cloak of poison resistance (worn)
 D - a +2 pair of gloves (worn)
 F - the +5 scale mail of the Trombone (worn) {+Blink rElec}
   (You found it on level 3 of the Vaults)

   It insulates you from electricity.
   It lets you blink.
 P - a +0 shield of reflection (worn)
 R - a +2 pair of boots of running (worn)
Jewellery
 d - a ring of protection from magic (left hand)
 n - an amulet of magic regeneration (around neck)
 E - the amulet "Himuim" {Inacc rF+++ rN+ Int-4}
   (You found it in a Gauntlet)

   [amulet of inaccuracy]

   It reduces the accuracy of all your attacks.
   It affects your intelligence (-4).
   It renders you almost immune to fire.
   It protects you from negative energy.
 X - a ring of resist corrosion (right hand)
Wands
 p - a wand of iceblast (15)
 t - a wand of flame (2)
 y - a wand of polymorph (6)
 G - a wand of enslavement (31)
 M - a wand of scattershot (4)
 O - a wand of clouds (8)
 Q - a wand of digging (6)
 V - a wand of acid (11)
 Z - a wand of paralysis (29)
Scrolls
 j - 11 scrolls of remove curse {@r2}
 l - 8 scrolls of fear {!r}
 o - 9 scrolls of magic mapping {@r5 !r}
 r - a scroll of immolation
 x - 10 scrolls of amnesia
 A - 19 scrolls of teleportation {@r3 !r}
 C - 7 scrolls of summoning
 J - 24 scrolls of identify {@r1}
 K - 8 scrolls of enchant armour
 W - a scroll of silence
 Y - 5 scrolls of blinking {@r4}
Potions
 c - 5 potions of magic
 f - 4 potions of berserk rage
 k - 3 potions of lignification {@q6}
 m - 4 potions of brilliance
 q - 7 potions of invisibility
 u - a potion of ambrosia
 v - 5 potions of heal wounds {@q2 !q}
 w - 2 potions of resistance
 z - 4 potions of mutation
 B - 12 potions of curing {@q1 !q}
 H - 6 potions of haste {@q4 !q}
 I - 7 potions of flight
 L - 8 potions of agility {@q5 !q}
 S - 4 potions of might {@q3 !q}
Books
 g - a manual of Armour
Miscellaneous
 i - 4 boxes of beasts
Comestibles
 e - 67 rations


   Skills:
 - Level 15.5 Fighting
 - Level 14.0 Polearms
 - Level 8.0 Armour
 - Level 6.0 Dodging
 - Level 1.7 Stealth
 - Level 15.0 Shields
 - Level 10.0 Spellcasting
 - Level 1.0 Conjurations
 - Level 10.0 Charms
 - Level 12.0 Summonings
 - Level 10.0 Translocations
 + Level 12.1 Air Magic
 - Level 10.0 Poison Magic
 - Level 10.0 Invocations
 - Level 10.0 Evocations


You had 2 spell levels left.
You knew the following spells:

 Your Spells              Type           Power        Failure   Level  Hunger
a - Apportation           Tloc           ######       1%          1    None
b - Poisonous Vapours     Pois/Air       ######       1%          2    None
c - Olgreb's Toxic Radia  Pois           ######..     1%          4    None
d - Passage of Golubria   Tloc           N/A          1%          4    None
e - Passwall              Tmut/Erth      ###.....     13%         2    None
f - Lee's Rapid Deconstr  Erth           ###.......   88%         5    ####...
g - Deflect Missiles      Chrm/Air       #######...   14%         6    #####..
h - Sublimation of Blood  Necr           ###.......   13%         2    None
i - Summon Lightning Spi  Summ/Air       #######.     1%          4    None
j - Aura of Abjuration    Summ           #######...   2%          5    ####...
z - Mephitic Cloud        Conj/Pois/Air  ######..     1%          3    None

Your spell library contained the following spells:

 Spells                   Type           Power        Failure   Level  Hunger
 Shock                    Conj/Air       ####         1%          1    None
 Sting                    Conj/Pois      ####         1%          1    None
 Summon Small Mammal      Summ           ####         1%          1    None
 Swiftness                Chrm/Air       #######.     1%          2    None
 Magic Dart               Conj           ###.         6%          1    None
 Flame Tongue             Conj/Fire      ###..        8%          1    None
 Animate Skeleton         Necr           N/A          9%          1    None
 Confusing Touch          Hex            ###...       9%          1    None
 Corona                   Hex            ###....      9%          1    None
 Freeze                   Ice            ###.         9%          1    None
 Sandblast                Erth           ###...       9%          1    None
 Searing Ray              Conj           ###...       9%          2    None
 Throw Flame              Conj/Fire      ###...       11%         2    None
 Throw Frost              Conj/Ice       ###...       11%         2    None
 Ensorcelled Hibernation  Hex/Ice        ###...       13%         2    None
 Gell's Gravitas          Tloc           ######....   1%          3    None
 Recall                   Summ/Tloc      N/A          1%          3    None
 Teleport Other           Tloc           ######..     1%          3    None
 Airstrike                Air            #######...   1%          4    None
 Static Discharge         Conj/Air       ######..     2%          3    None
 Summon Demon             Summ           #######...   2%          5    ####...
 Summon Forest            Summ/Tloc      #######...   3%          5    ####...
 Ozocubu's Armour         Chrm/Ice       ######..     4%          3    None
 Portal Projectile        Hex/Tloc       ######       4%          3    None
 Ignite Poison            Fire/Tmut/Pois #####...     7%          3    None
 Summon Ice Beast         Ice/Summ       ######..     8%          4    None
 Force Lance              Conj/Tloc      ######..     10%         4    None
 Shadow Creatures         Summ           N/A          10%         6    #####..
 Lightning Bolt           Conj/Air       ######....   16%         5    ####...
 Silence                  Hex/Air        ######....   19%         5    ####...
 Summon Mana Viper        Hex/Summ       ######..     19%         5    ####...
 Conjure Flame            Conj/Fire      ###.....     21%         3    None
 Dazzling Spray           Conj/Hex       ###...       21%         3    None
 Stone Arrow              Conj/Erth      ###...       21%         3    None
 Dispersal                Tloc           ######....   21%         6    #####..
 Iskenderun's Battlesphe  Conj/Chrm      ######..     22%         5    ####...
 Venom Bolt               Conj/Pois      ######....   22%         5    ####...
 Confuse                  Hex            ###.....     24%         3    None
 Inner Flame              Hex/Fire       ###.....     24%         3    None
 Tukima's Dance           Hex            ###.....     24%         3    None
 Alistair's Intoxication  Tmut/Pois      ######..     28%         5    ####...
 Iskenderun's Mystic Bla  Conj           ###.....     45%         4    None
 Fulminant Prism          Conj/Hex       ###.......   50%         4    None
 Sticky Flame             Conj/Fire      ###.....     50%         4    None
 Throw Icicle             Conj/Ice       ###.....     50%         4    None
 Ice Form                 Ice/Tmut       ###.....     58%         4    None
 Petrify                  Tmut/Erth      ###.....     58%         4    None
 Conjure Ball Lightning   Conj/Air       ######....   61%         6    #####..
 Poison Arrow             Conj/Pois      ######....   73%         6    #####..
 Fireball                 Conj/Fire      ###.......   83%         5    ####...
 Irradiate                Conj/Tmut      ###.......   83%         5    ####...
 Bolt of Magma            Conj/Fire/Erth ###.......   86%         5    ####...
 Freezing Cloud           Conj/Ice/Air   #####.....   87%         6    #####..
 Metabolic Englaciation   Hex/Ice        ###.......   88%         5    ####...
 Yara's Violent Unravell  Hex/Tmut       ###.......   88%         5    ####...
 Spellforged Servitor     Conj/Summ      ######....   98%         7    #######
 Bolt of Cold             Conj/Ice       ###.......   100%        6    #####..
 Bolt of Fire             Conj/Fire      ###.......   100%        6    #####..
 Darkness                 Hex            ###.......   100%        6    #####..
 Invisibility             Hex            ###.....     100%        6    #####..
 Iron Shot                Conj/Erth      ###.......   100%        6    #####..
 Ozocubu's Refrigeration  Ice            ###.......   100%        6    #####..
 Simulacrum               Ice/Necr       ###.......   100%        6    #####..
 Orb of Destruction       Conj           ###.......   100%        7    #######
 Ring of Flames           Chrm/Fire      ######....   100%        7    #######
 Chain Lightning          Conj/Air       ######....   100%        8    #######
 Controlled Blink         Tloc           N/A          100%        8    #######
 Disjunction              Tloc           ######....   100%        8    #######
 Ignition                 Fire           ###.......   100%        8    #######
 Lehudib's Crystal Spear  Conj/Erth      ###.......   100%        8    #######
 Fire Storm               Conj/Fire      ###.......   100%        9    #######
 Glaciate                 Conj/Ice       ###.......   100%        9    #######
 Tornado                  Air            #######...   100%        9    #######


Dungeon Overview and Level Annotations

Branches:
Dungeon (15/15)            Temple (0/1) D:5            Lair (6/6) D:10
  Swamp (4/4) Lair:3       Spider (4/4) Lair:2        Slime (0/5) Lair:6
    Orc (2/2) D:12            Elf (3/3) Orc:2        Vaults (4/5) D:13
  Crypt (0/3) Vaults:3     Depths (2/5) D:15

Altars:
Cheibriados
Dithmenos
Elyvilon
Fedhas
Gozag
Hepliaklqana
Kikubaaqudgha
Qazlal
Ru
Trog
Uskayaw
Vehumet
Xom
Zin
The Shining One

Shops:
D:7 =   D:9 (([%   Orc:1 *:?!   Orc:2 %}*(   Elf:1 =}=   Vaults:1 [
Depths:1 (

Portals:
Hell: Depths:1
Trove: Elf:1 (give +3 shadow dragon scales)

Annotations:
D:9 2 transporters
Elf:2 3 runed translucent doors, exclusion: Roxanne, Roxanne
Depths:1 1 exclusion


Innate Abilities, Weirdness & Mutations

You have a pair of large horns on your head.
A weak demonic guardian rushes to your aid.
Your flesh is heat resistant. (rF+)
You regenerate a lot of health from kills.
Your movements are significantly less encumbered by armour. (ER -6)
Your life essence is reduced to manifest your ancestor. (-10% HP)
You possess an exceptional clarity of mind.
Your mind is acute. (Int +2)
You are clumsy. (Dex -2)
Your spells are a little harder to cast, but a little more powerful.
You evolve.


Message History

The glowing orange brain looks even sicker.
The boggart looks as sick as possible!
The spriggan defender looks as sick as possible!
The tengu reaver looks as sick as possible!
Your toxic aura wanes.
You feel sick.
The spriggan defender barely misses you.
The sphinx hits your shadow imp!
Your shadow imp dies!
Bozena hits the spriggan defender with a +0 dagger of draining.
Bozena drains the spriggan defender.
The lich casts a spell at you.
You suddenly lose the ability to move!
You feel sick.
The spriggan defender hits you but does no damage.
The glowing orange brain pulsates.
Send 'em back where they came from!
Your lightning spire shudders.
The lich touches you but does no damage.
The tengu reaver hits you with a +2 great mace of protection.
The tengu reaver pecks you but does no damage.
The tengu reaver claws you but does no damage.
The ogre misses the tengu reaver.
Your lightning spire shoots out a bolt of lightning at the tengu reaver!
The bolt of electricity hits the lich!!
The bolt of electricity hits the tengu reaver!
The bolt of electricity hits the ogre!!
The ogre dies!
The ogre's shape twists and changes as it dies.
Bozena hits the spriggan defender but does no damage.
You feel sick.
You kill the boggart!
The spriggan defender hits you with a +1 lajatang of protection!
The lich conjures a glowing orb.
The wavering orb of destruction weakly hits you!!
The sphinx hits you.
The sphinx hits you but does no damage. x2
The tengu reaver hits you but does no damage.
The tengu reaver pecks you but does no damage.
The tengu reaver completely misses you.
The spriggan defender hits you with a +1 lajatang of protection!
The lich touches you but does no damage.
A slime creature comes into view.
Bozena hits the spriggan defender with a +0 dagger of draining.
Bozena drains the spriggan defender.
You feel sick.
The glowing orange brain pulsates.
You easily resist.
Bozena easily resists.
The spriggan defender hits you with a +1 lajatang of protection!
The lich touches you! The sphinx hits you!
The sphinx hits you but does no damage. x2
Your lightning spire shoots out a bolt of lightning at the tengu reaver!
The bolt of electricity hits the lich!
The bolt of electricity hits the tengu reaver!!
Bozena casts a spell at the tengu reaver.
The spriggan defender resists with almost no effort.
The tengu reaver hits you with a +2 great mace of protection!
* * * LOW HITPOINT WARNING * * *
The tengu reaver pecks you but does no damage.
The tengu reaver claws you but does no damage.
You feel sick. The lich barely misses you.
The spriggan defender hits Bozena with a +1 lajatang of protection!
A slime creature comes into view.
The sphinx hits you but does no damage. x3; The ice dragon bites you!
* * * LOW HITPOINT WARNING * * *
The ice dragon claws you but does no damage.
The ice dragon tramples you.
* * * LOW HITPOINT WARNING * * *
You hold your ground!
Your lightning spire shoots out a bolt of lightning at the tengu reaver!
The bolt of electricity hits the lich!!
The bolt of electricity hits the tengu reaver!
The bolt of electricity hits the glowing orange brain!
Bozena mumbles some strange words.
Bozena seems to speed up.
You feel sick.
Your lightning spire disappears in a puff of smoke!
The spriggan defender hits Bozena with a +1 lajatang of protection!!
The sphinx hits you!
* * * LOW HITPOINT WARNING * * *
The sphinx hits you but does no damage. x2
The tengu reaver hits you with a +2 great mace of protection!!
* * * LOW HITPOINT WARNING * * *
The tengu reaver completely misses you.
The tengu reaver claws you but does no damage.
The lich touches Bozena.
Bozena hits the spriggan defender with a +0 dagger of draining.
The ice dragon bites you but does no damage.
The ice dragon claws you but does no damage.
The ice dragon tramples you but does no damage.
The spriggan defender hits Bozena with a +1 lajatang of protection!!
A slime creature comes into view.
You feel sick.
The lich touches Bozena but does no damage.
Bozena barely misses the lich.
The sphinx casts a spell.
You resist with almost no effort.
The spriggan defender hits Bozena with a +1 lajatang of protection.
The tengu reaver hits you with a +2 great mace of protection!
You die...

J....## .......##
....J...##
...J.....##
..............#
..........†....##
...........Q†D..#
..........Gi@L§.#
...........HR...##
.................#
................^#
................##
###########.#########
...'...#...[....#
...#+####'##....#
.................#


You could see the friendly Bozena the hexer, an ice dragon, a sphinx, a tengu
reaver, a lich, a spriggan defender, 3 slime creatures and a glowing orange
brain.

Vanquished Creatures
  A caustic shrike (Depths:1)
  Arachne (Spider:4)
  A tentacled monstrosity (Swamp:1)
  Asterion (Spider:4)
  A lich (Vaults:2)
  2 deep elf blademasters (Elf:3)
  A titan (Depths:1)
  2 sphinxes
  A deep elf master archer (Elf:3)
  3 thorn hunters (Swamp:3)
  2 tengu reavers
  Donald (Vaults:2)
  2 frost giants
  2 deep elf sorcerers (Elf:3)
  2 ghost moths (Spider:4)
  9 vault wardens
  The ghost of loom the Thaumaturge, an adept GnSk of Hepliaklqana (Swamp:1)
  3 fire giants
  5 emperor scorpions
  2 orc warlords (Orc:1)
  5 deep elf elementalists (Elf:3)
  Louise (Spider:4)
  2 entropy weavers (Spider:4)
  12 very ugly things
  4 ironheart preservers
  11 stone giants
  Nessos (D:13)
  4 deep elf demonologists
  7 spark wasps
  4 deep elf annihilators
  7 ettins
  5 deep elf death magi
  5 fire dragons
  Fannar (Orc:1)
  2 yaktaur captains
  4 ice dragons
  3 deep elf high priests
  A great orb of eyes (Depths:1)
  Erolcha (D:11)
  A rakshasa (Vaults:1)
  8 vault guards
  12 hydras
  A shambling mangrove (Swamp:4)
  A catoblepas (Lair:5)
  8 alligators
  9 centaur warriors
  8 ogre magi
  A vampire mage (Depths:1)
  11 dancing weapons
  2 death knights
  4 deep troll shamans
  25 two-headed ogres
  4 tengu warriors
  5 deep troll earth magi
  3 hell hogs (Depths:1)
  12 deep elf knights
  2 spriggan berserkers (Depths:1)
  Sonja (Orc:1)
  5 orc high priests
  6 hell knights
  A shadow wraith (Vaults:4)
  A small abomination (Elf:3)
  3 skeletal warriors (Vaults:1)
  A deep troll (shapeshifter) (Vaults:3)
  An unseen horror (D:15)
  2 glowing orange brains
  13 deep trolls
  The ghost of HAL9000 the Covert, a novice VSAs of Kikubaaqudgha (D:8)
  3 wizards
  11 deep elf archers
  A flayed ghost (Vaults:3)
  2 wolf spider zombies (D:15)
  8 ironbrand convokers
  4 swamp dragons
  A phantasmal warrior (Vaults:4)
  4 necromancers
  3 harpies (Vaults:4)
  6 cyclopes
  14 orc knights
  31 wolf spiders
  16 orb spiders
  42 deep elf magi
  8 orc sorcerers
  5 manticores
  A fire giant zombie (Vaults:4)
  29 ugly things
  2 spectral alligators (Swamp:1)
  A moth of wrath (Spider:4)
  6 elephants (Lair:2)
  A guardian serpent (shapeshifter) (Vaults:1)
  A black mamba (shapeshifter) (Depths:1)
  An ice statue (IceCv)
  5 black mambas (Lair:6)
  2 molten gargoyles (Lair:6)
  2 naga magi (Vaults:2)
  3 torpor snails
  2 gargoyles
  14 vault sentinels
  Joseph (D:8)
  12 spiny frogs
  An eye of devastation (Vaults:3)
  A kobold demonologist (D:14)
  An efreet (D:15)
  8 komodo dragons
  36 yaktaurs
  5 tengu conjurers
  A rime drake (Lair:6)
  6 trolls
  11 freezing wraiths
  9 demonic crawlers
  16 hornets
  2 queen bees (shapeshifter)
  A meliai (shapeshifter) (Depths:2)
  17 tyrant leeches
  A hornet (shapeshifter) (Vaults:2)
  43 slime creatures
  A wind drake (shapeshifter) (Elf:1)
  8 bog bodies
  10 hippogriffs
  37 jumping spiders
  A dream sheep (shapeshifter) (Depths:1)
  A spectral swamp dragon (Swamp:1)
  An ettin zombie (Vaults:4)
  15 polar bears
  4 blink frogs (Lair:5)
  2 dream sheep (D:12)
  A spectral tyrant leech (Swamp:1)
  Sigmund (D:3)
  34 tarantellas
  5 shadows
  5 spriggans
  2 air elementals
  A centaur simulacrum (D:13)
  4 water elementals
  3 wraiths
  38 yaks
  A fire bat (Gauntlet)
  3 wyverns
  Eustachio (D:5)
  A ynoxinul (Abyss:2)
  75 redbacks
  2 fire elementals (Elf:2)
  A chaos spawn (Gauntlet)
  2 steam dragons (Lair:6)
  3 swamp worm simulacra (Swamp:4)
  A yaktaur simulacrum (Vaults:4)
  A basilisk (Lair:6)
  7 wargs
  Edmund (D:5)
  10 vampire mosquitoes
  8 insubstantial wisps
  A soldier ant (shapeshifter) (Vaults:1)
  13 swamp worms
  3 hydra simulacra (Swamp:4)
  10 hell hounds
  5 water moccasins
  8 porcupines
  A human zombie (Vaults:4)
  4 acid dragons
  3 hornet zombies
  Purgy (Sewer)
  6 hexers
  3 ice beasts (D:13)
  45 orc warriors
  2 sky beasts
  4 swamp drakes
  2 black bears
  6 necrophages (Lair:3)
  2 phantoms
  27 ogres
  An ettin simulacrum (Vaults:3)
  26 centaurs
  27 wolves
  7 boggarts
  A spriggan simulacrum (Swamp:1)
  11 crocodiles
  2 tyrant leech simulacra (Swamp:1)
  4 big kobolds
  11 bullfrogs
  An earth elemental (Elf:2)
  2 spiny frog simulacra (Swamp:1)
  2 scorpions
  6 killer bees
  8 wights
  A vampire bat (D:9)
  5 electric eels
  3 howler monkeys
  4 lava snakes (Lair:6)
  6 crimson imps
  2 bullfrog zombies
  5 centaur zombies
  6 hounds
  A quasit (D:10)
  31 orc priests
  2 wyvern simulacra (D:13)
  A gnoll shaman (D:10)
  5 jellies
  3 bullfrog skeletons
  39 orc wizards
  3 iguanas
  8 worker ants
  A bullfrog simulacrum (D:13)
  6 gnolls
  16 adders
  6 shadow imps
  12 white imps (D:13)
  2 ufetubi (D:13)
  2 oozes (D:2)
  5 swamp drake simulacra
  An adder zombie (D:4)
  An adder skeleton (D:7)
  2 worms
  A dart slug (D:1)
  11 leopard geckos
  132 orcs
  2 ball pythons
  4 bat zombies (D:9)
  12 giant cockroaches
  9 goblins
  5 hobgoblins
  8 jackals
  5 quokkas
  13 bats
  4 frilled lizards
  A frilled lizard (shapeshifter) (Vaults:2)
  17 kobolds
  A leopard gecko skeleton (D:9)
  2 leopard gecko zombies
  A quokka skeleton (D:7)
  A quokka zombie (D:7)
  2 rats
  4 plants
1636 creatures vanquished.

Vanquished Creatures (collateral kills)
  A juggernaut (Depths:1)
  A caustic shrike (Depths:1)
  Jorgrun (D:14)
  A frost giant (IceCv)
  A deep elf elementalist (Elf:3)
  An emperor scorpion (Spider:3)
  An entropy weaver (Vaults:3)
  An ironheart preserver (Vaults:4)
  2 deep elf demonologists
  A minotaur (Gauntlet)
  The ghost of Zigma the Grappler, a journeyman DrMo of Ru (D:12)
  3 deep elf annihilators (Elf:3)
  A death ooze (Gauntlet)
  2 fire dragons (Depths:1)
  A rakshasa (Depths:1)
  2 deep elf death magi (Elf:3)
  An ice dragon (Vaults:4)
  The ghost of tamionv the Basher, a journeyman GrGl of Okawaru (D:12)
  3 hydras
  A shambling mangrove (Swamp:2)
  3 centaur warriors
  A catoblepas (D:13)
  A death knight (Vaults:3)
  3 dancing weapons
  Erica (Orc:1)
  3 alligators
  2 two-headed ogres
  A deep troll shaman (Vaults:1)
  A tengu warrior (Depths:1)
  A deep elf knight (Vaults:3)
  An iron troll (Depths:1)
  A shadow wraith (Vaults:1)
  A fire crab (shapeshifter) (Elf:2)
  2 skeletal warriors (Vaults:1)
  2 deep trolls (Depths:1)
  2 swamp dragons
  A deep elf archer (Elf:1)
  A lindwurm (Lair:6)
  2 orc knights
  An orb spider (Spider:4)
  7 wolf spiders
  7 deep elf magi
  An oklob plant (Lair:6)
  An ugly thing (Depths:2)
  A naga mage (Vaults:2)
  4 spiny frogs
  A molten gargoyle (Lair:6)
  A centaur skeleton (D:15)
  8 yaktaurs
  2 freezing wraiths
  3 demonic crawlers
  A tyrant leech (Swamp:2)
  A jumping spider (Spider:3)
  A polar bear (shapeshifter) (D:8)
  A polar bear (IceCv)
  8 slime creatures
  13 redbacks
  3 tarantellas
  8 yaks
  A wyvern (D:13)
  2 basilisks
  A swamp worm simulacrum (Swamp:4)
  A swamp worm (Swamp:4)
  3 hell hounds (Depths:1)
  6 insubstantial wisps
  3 water moccasins
  A black bear (D:8)
  Duvessa (D:4)
  6 orc warriors
  A swamp drake (Swamp:3)
  An ice beast (D:9)
  A sky beast (D:8)
  6 wolves
  A phantom (D:4)
  2 ogres
  An ogre (shapeshifter) (Depths:2)
  A necrophage (Lair:3)
  A crocodile (Lair:2)
  3 centaurs
  A big kobold (D:12)
  4 bullfrogs
  Dowan (D:4)
  A killer bee (D:13)
  2 wights (D:14)
  3 crimson imps
  A quasit (D:12)
  A bullfrog skeleton (D:4)
  2 hounds
  3 orc priests
  Crazy Yiuf (D:6)
  8 orc wizards
  An iguana (D:4)
  A worker ant (D:4)
  A gnoll (D:6)
  2 adders
  A swamp drake simulacrum (Swamp:1)
  A leopard gecko (D:6)
  8 orcs
  3 crawling corpses (Elf:3)
219 creatures vanquished.

Vanquished Creatures (others)
  A deep elf master archer (Elf:3)
  A vault warden (Vaults:4)
  A deep elf annihilator (Elf:3)
  A centaur warrior (Depths:1)
  A deep troll shaman (Depths:1)
  An orc knight (Vaults:4)
  A deep elf mage (Elf:1)
  4 yaktaurs
  A troll (Vaults:4)
  5 blink frogs (Swamp:4)
  A tyrant leech (Swamp:4)
  A shadow (Swamp:2)
  6 insubstantial wisps (Swamp:4)
  49 hexers
  An ancestor (D:5)
  A white imp (D:13)
  A leopard gecko (D:4)
  2 fungi
  7 plants
  A withered plant (Gauntlet)
87 creatures vanquished.

Grand Total: 1942 creatures vanquished

Notes
Turn   | Place    | Note
-------+----------+-------------------------------------------
     0 | D:1      | EnegeticOcto the Demonspawn Venom Mage began the quest for
                  | the Orb.
     0 | D:1      | Reached XP level 1. HP: 13/13 MP: 3/3
   357 | D:1      | Gained mutation: You have a pair of small horns on your
                  | head. [demonic ancestry]
   357 | D:1      | Reached XP level 2. HP: 18/19 MP: 1/5
  1161 | D:1      | Gained mutation: You regenerate a little health from kills.
                  | [demonic ancestry]
  1161 | D:1      | Reached XP level 3. HP: 22/24 MP: 1/7
  1178 | D:1      | Learned a level 2 spell: Poisonous Vapours
  2111 | D:2      | Reached XP level 4. HP: 27/30 MP: 5/8
  2644 | D:3      | Found a glowing drain.
  2661 | Sewer    | Entered a sewer
  2763 | Sewer    | Noticed Purgy
  2788 | Sewer    | HP: 2/45 [Purgy (4)]
  2793 | Sewer    | Gained mutation: Scrolls take you a little longer to read.
                  | [potion of mutation]
  2793 | Sewer    | Gained mutation: You are robust. (+10% HP) [potion of
                  | mutation]
  2813 | Sewer    | Killed Purgy
  2813 | Sewer    | Gained mutation: You have a pair of horns on your head.
                  | [demonic ancestry]
  2813 | Sewer    | Reached XP level 5. HP: 26/38 MP: 1/11
  3310 | D:3      | Found a blossoming altar of Fedhas.
  3380 | D:3      | Found a hazy altar of Hepliaklqana.
  3381 | D:3      | Found a shimmering altar of Xom.
  3381 | D:3      | Noticed a hell beast
  3382 | D:3      | Noticed a spectral ugly thing
  3382 | D:3      | Noticed a hell beast
  3447 | D:3      | Reached skill level 5 in Poison Magic
  3804 | D:3      | Found an opulent altar of Gozag.
  3806 | D:3      | Found a snail-covered altar of Cheibriados.
  4036 | D:3      | Noticed Sigmund
  4051 | D:3      | Killed Sigmund
  4051 | D:3      | Gained mutation: You have a pair of large horns on your
                  | head. [demonic ancestry]
  4051 | D:3      | Reached XP level 6. HP: 14/45 MP: 2/13
  4384 | D:3      | Found a hide-covered altar of Uskayaw.
  4532 | D:3      | Became a worshipper of Hepliaklqana the Forgotten
  4813 | D:4      | Noticed Dowan
  4816 | D:4      | Noticed Duvessa
  4831 | D:4      | Killed Duvessa
  4831 | D:4      | Reached skill level 5 in Spellcasting
  4831 | D:4      | Reached XP level 7. HP: 30/46 MP: 5/14
  4834 | D:4      | Killed Dowan
  4948 | D:4      | Learned a level 4 spell: Olgreb's Toxic Radiance
  5579 | D:4      | Found a white marble altar of Elyvilon.
  6309 | D:5      | Entered Level 5 of the Dungeon
  6309 | D:5      | Noticed Edmund
  6332 | D:5      | Killed Edmund
  6332 | D:5      | Gained mutation: Your movements are slightly less
                  | encumbered by armour. (ER -2) [demonic ancestry]
  6332 | D:5      | Reached XP level 8. HP: 52/52 MP: 7/17
  6788 | D:5      | Reached * piety under Hepliaklqana
  6788 | D:5      | Found a staircase to the Ecumenical Temple.
  6795 | D:5      | Noticed Eustachio
  6811 | D:5      | Killed Eustachio
  7147 | D:5      | Found a bloodstained altar of Trog.
  7526 | D:6      | Reached skill level 1 in Fighting
  7536 | D:6      | Reached skill level 1 in Polearms
  7536 | D:6      | Gained mutation: A weak demonic guardian rushes to your
                  | aid. [demonic ancestry]
  7536 | D:6      | Reached XP level 9. HP: 46/59 MP: 14/20
  7817 | D:6      | Found a runed translucent door.
  7818 | D:6      | Noticed Crazy Yiuf
  8111 | D:6      | Killed Crazy Yiuf
  8152 | D:6      | Identified the +10 whip of the Chickpea {slash, *Drain
                  | rPois rN+} (You found it on level 6 of the Dungeon)
  8815 | D:7      | Found Sesou's Jewellery Emporium.
  9028 | D:7      | Reached ** piety under Hepliaklqana
  9029 | D:7      | Remembered your ancestor Bozena as a hexer
  9100 | D:7      | Learned a level 3 spell: Mephitic Cloud
  9139 | D:8      | Noticed a two-headed ogre
  9148 | D:8      | Killed a two-headed ogre
  9412 | D:8      | Noticed Joseph
  9418 | D:8      | Reached XP level 10. HP: 72/72 MP: 13/22
  9431 | D:8      | Killed Joseph
  9520 | D:8      | Noticed a two-headed ogre
  9530 | D:8      | Killed a two-headed ogre
  9665 | D:8      | Found a runed translucent gate.
  9665 | D:8      | Found a runed translucent gate.
  9665 | D:8      | Found a runed translucent gate.
  9666 | D:8      | Found an opulent altar of Gozag.
  9667 | D:8      | Noticed HAL9000's ghost (novice VSAs)
  9668 | D:8      | Noticed a harpy
  9928 | D:9      | Reached skill level 5 in Fighting
 10039 | D:9      | Found Innaqid's Antique Weapon Emporium.
 10125 | D:9      | Found Keihonug's Weapon Shop.
 10135 | D:9      | Reached skill level 10 in Poison Magic
 10140 | D:9      | Noticed a two-headed ogre
 10151 | D:9      | Killed a two-headed ogre
 10151 | D:9      | Reached skill level 5 in Polearms
 10210 | D:9      | Found a stormy altar of Qazlal.
 10210 | D:9      | Noticed a sphinx
 10211 | D:9      | Found a glowing golden altar of the Shining One.
 10212 | D:9      | Found a shadowy altar of Dithmenos.
 10217 | D:9      | Found a transporter.
 10377 | D:9      | Found a transporter.
 10531 | D:9      | Reached *** piety under Hepliaklqana
 10634 | D:9      | Found an ancient bone altar of Kikubaaqudgha.
 10676 | D:9      | Found Zesisel's Food Shoppe.
 10811 | D:9      | Found Webuupt's Antique Armour Emporium.
 10816 | D:9      | Bought a distressingly furry leather armour for 196 gold
                  | pieces
 10818 | D:9      | Identified the +3 leather armour of True Grit {rF+ rN+
                  | Regen+ MP+9} (You bought it in a shop on level 9 of the
                  | Dungeon)
 11164 | D:9      | Bought a glowing cloak for 210 gold pieces
 11183 | D:10     | Entered Level 10 of the Dungeon
 11283 | D:10     | Got an encrusted ring mail
 11410 | D:10     | Found a staircase to the Lair.
 11502 | D:10     | Reached **** piety under Hepliaklqana
 11517 | D:10     | Noticed a gargoyle
 11536 | D:10     | Killed a gargoyle
 12157 | Lair:1   | Entered Level 1 of the Lair of Beasts
 12162 | Lair:1   | Noticed a spiny frog
 12174 | Lair:1   | Killed a spiny frog
 12174 | Lair:1   | Gained mutation: You regenerate health from kills. [demonic
                  | ancestry]
 12174 | Lair:1   | Reached XP level 11. HP: 55/83 MP: 24/24
 12268 | Lair:1   | Reached skill level 10 in Spellcasting
 12345 | Lair:1   | Reached skill level 1 in Invocations
 12583 | Lair:1   | Reached ***** piety under Hepliaklqana
 12897 | Lair:1   | Identified the +2 ring mail of Baldness {Dex+4} (You found
                  | it on level 10 of the Dungeon)
 12953 | Lair:2   | Reached skill level 5 in Invocations
 13441 | Lair:2   | Learned a level 1 spell: Apportation
 13445 | Lair:2   | Found a hole to the Spider Nest.
 14050 | Lair:3   | Reached XP level 12. HP: 75/93 MP: 26/26
 14332 | Lair:3   | Reached skill level 5 in Dodging
 14713 | Lair:3   | You fall through a shaft!
 15219 | Lair:4   | Reached ****** piety under Hepliaklqana
 15269 | Lair:4   | Found a runed translucent door.
 15523 | Lair:4   | Noticed a four-headed hydra
 15536 | Lair:4   | Killed a four-headed hydra
 15603 | Lair:4   | Identified Midiu's Disquisition on Dislocated Feathers
 15614 | Lair:4   | Got a bloodstained halberd
 15617 | Lair:4   | Identified the +1 halberd of the Pharaoh's Fist {holy, MR+
                  | Str+5} (You found it on level 4 of the Lair of Beasts)
 15626 | Lair:4   | Identified a scroll of acquirement
 15626 | Lair:4   | Got an ichor-stained demon trident
 15647 | Lair:4   | Identified the +9 demon trident of Guile {drain, +Inv
                  | Stlth+} (You acquired it on level 4 of the Lair of Beasts)
 16382 | Lair:5   | Noticed a four-headed hydra
 16395 | Lair:5   | Killed a four-headed hydra
 16405 | Lair:5   | Noticed a catoblepas
 16422 | Lair:5   | Killed a catoblepas
 16555 | Lair:5   | Noticed a five-headed hydra
 16561 | Lair:5   | Killed a five-headed hydra
 16793 | Lair:6   | Entered Level 6 of the Lair of Beasts
 16847 | Lair:6   | Noticed an eight-headed hydra
 16879 | Lair:6   | Killed an eight-headed hydra
 16881 | Lair:6   | Reached skill level 10 in Fighting
 16925 | Lair:6   | Noticed a seven-headed hydra
 16933 | Lair:6   | Killed a seven-headed hydra
 16990 | Lair:6   | Reached XP level 13. HP: 43/102 MP: 26/27
 17084 | Lair:6   | Found a staircase to the Slime Pits.
 17183 | Lair:6   | Reached skill level 10 in Invocations
 17551 | Lair:6   | Found a glowing silver altar of Zin.
 17836 | Lair:6   | Noticed a fire dragon
 17848 | Lair:6   | Reached skill level 10 in Polearms
 17903 | Lair:6   | Found a large runed translucent door.
 17903 | Lair:6   | Found a large runed translucent door.
 18101 | Lair:6   | Killed a fire dragon
 18476 | D:11     | Reached skill level 1 in Shields
 18657 | D:11     | Noticed Erolcha
 18665 | D:11     | Killed Erolcha
 19340 | D:12     | Found a sacrificial altar of Ru.
 19341 | D:12     | Got a twisted dagger
 19818 | D:12     | Found a runed translucent gate.
 19826 | D:12     | Found a runed translucent gate.
 19826 | D:12     | Found a runed translucent gate.
 19854 | D:12     | Identified the +8 dagger of Leshug {venom, rN+ Stlth+} (You
                  | found it on level 12 of the Dungeon)
 19855 | D:12     | Noticed tamionv's ghost (journeyman GrGl)
 19855 | D:12     | Noticed Zigma's ghost (journeyman DrMo)
 20384 | D:12     | Found a staircase to the Orcish Mines.
 20593 | D:13     | Noticed Nessos
 20606 | D:13     | Killed Nessos
 20614 | D:13     | Reached XP level 14. HP: 110/113 MP: 28/28
 20637 | D:13     | Found a frozen archway.
 20696 | IceCv    | Entered an ice cave
 20800 | IceCv    | Reached skill level 5 in Shields
 21015 | IceCv    | Noticed a frost giant
 21038 | IceCv    | Killed a frost giant
 21915 | D:13     | Found a gate to the Vaults.
 22402 | D:14     | Found a glowing golden altar of the Shining One.
 22460 | D:14     | Found a gate leading to a gauntlet.
 22490 | Gauntlet | Entered a Gauntlet
 22490 | Gauntlet | Found a transporter.
 22500 | Gauntlet | Found a transporter.
 22508 | Gauntlet | Found a transporter.
 22510 | Gauntlet | Found a transporter.
 22512 | Gauntlet | Noticed an entropy weaver
 22518 | Gauntlet | Found a transporter.
 22534 | Gauntlet | Found a runed translucent gate.
 22535 | Gauntlet | Found a transporter.
 22535 | Gauntlet | Found a runed translucent gate.
 22536 | Gauntlet | Found a runed translucent gate.
 22545 | Gauntlet | Found a transporter.
 22555 | Gauntlet | Found a transporter.
 22573 | Gauntlet | Found a transporter.
 22584 | Gauntlet | Found a transporter.
 22586 | Gauntlet | Found a transporter.
 22626 | Gauntlet | Found a transporter.
 22640 | Gauntlet | Found a transporter.
 22653 | Gauntlet | Found a transporter.
 22838 | Gauntlet | Got a sparkling golden amulet
 22910 | Gauntlet | Got a pair of faintly humming boots
 22917 | Gauntlet | Identified the +1 pair of boots "Mawos" {MR++ MP-9 SInv}
                  | (You found it in a Gauntlet)
 22922 | Gauntlet | Got a dull robe
 22998 | D:14     | Noticed Jorgrun
 23013 | D:14     | Killed Jorgrun
 23384 | D:14     | Learned a level 4 spell: Passage of Golubria
 23414 | D:14     | Identified the amulet "Himuim" {Inacc rF+++ rN+ Int-4} (You
                  | found it in a Gauntlet)
 23424 | D:14     | Identified the cursed +1 robe of Absolutism {rC+ Dex+2}
                  | (You found it in a Gauntlet)
 23596 | D:14     | Gained mutation: Your movements are less encumbered by
                  | armour. (ER -4) [demonic ancestry]
 23596 | D:14     | Reached XP level 15. HP: 120/120 MP: 21/29
 24044 | D:15     | Entered Level 15 of the Dungeon
 24159 | D:15     | Reached skill level 1 in Translocations
 24196 | D:15     | Found a staircase to the Depths.
 24628 | D:15     | Reached skill level 1 in Evocations
 25158 | Orc:1    | Entered Level 1 of the Orcish Mines
 25259 | Orc:1    | Found Nuicepul's Assorted Antiques.
 25269 | Orc:1    | Noticed an orc warlord
 25271 | Orc:1    | Noticed an orc warlord
 25280 | Orc:1    | Killed an orc warlord
 25284 | Orc:1    | Killed an orc warlord
 25304 | Orc:1    | Bought a scroll labeled ERYLLO TASM for 23 gold pieces
 25304 | Orc:1    | Bought a potion of lignification for 69 gold pieces
 25449 | Orc:2    | Entered Level 2 of the Orcish Mines
 25840 | Orc:2    | Found Rissepraxt's Food Shop.
 25840 | Orc:2    | Found Peoruska's General Store.
 25861 | Orc:2    | Found Kunt's Gadget Shop.
 25861 | Orc:2    | Found Fuynio's Antique Weapon Boutique.
 25924 | Orc:2    | Bought a potion of curing for 30 gold pieces
 25924 | Orc:2    | Bought a scroll of identify for 20 gold pieces
 25924 | Orc:2    | Bought a scroll of fear for 35 gold pieces
 25924 | Orc:2    | Bought a wand of polymorph (11) for 130 gold pieces
 25932 | Orc:2    | Bought a wand of paralysis (9) for 143 gold pieces
 25932 | Orc:2    | Bought a wand of acid (5) for 234 gold pieces
 25932 | Orc:2    | Bought a wand of acid (5) for 234 gold pieces
 25963 | Orc:2    | Found a staircase to the Elven Halls.
 26444 | Orc:1    | Found Guidaunn's Magic Scroll Emporium.
 26444 | Orc:1    | Found Ublamato's Distillery.
 26444 | Orc:1    | Noticed Sonja
 26444 | Orc:1    | Noticed Fannar
 26444 | Orc:1    | Noticed Erica
 26512 | Orc:1    | Killed Erica
 26524 | Orc:1    | Killed Sonja
 26530 | Orc:1    | Killed Fannar
 26646 | Orc:1    | Bought a potion of resistance for 150 gold pieces
 26646 | Orc:1    | Bought a potion of mutation for 120 gold pieces
 26685 | Orc:1    | Bought a scroll of magic mapping for 59 gold pieces
 26713 | Orc:1    | Found Essennam's Book Shoppe.
 27038 | Spider:1 | Entered Level 1 of the Spider Nest
 27669 | Spider:1 | Reached skill level 10 in Shields
 27795 | Spider:2 | Reached XP level 16. HP: 129/129 MP: 22/30
 28165 | Spider:2 | Identified a +2 pair of boots of running (You found it on
                  | level 2 of the Spider Nest)
 28513 | Spider:2 | Reached skill level 5 in Evocations
 28702 | Spider:3 | Reached skill level 5 in Translocations
 29766 | Spider:4 | Entered Level 4 of the Spider Nest
 29983 | Spider:4 | Noticed Arachne
 29990 | Spider:4 | Killed Arachne
 30539 | Spider:4 | Reached XP level 17. HP: 137/137 MP: 31/31
 31082 | Spider:4 | Got a gossamer rune of Zot
 31126 | Spider:4 | Identified the +1 scale mail of Cocytus {SInv Stlth+} (You
                  | found it on level 4 of the Spider Nest)
 31242 | Spider:4 | Noticed Asterion
 31254 | Spider:4 | Killed Asterion
 31415 | Spider:4 | Noticed Louise
 31428 | Spider:4 | Killed Louise
 31679 | Lair:3   | Found a staircase to the Swamp.
 31704 | Swamp:1  | Entered Level 1 of the Swamp
 32358 | Swamp:1  | Found a runed translucent gate.
 32358 | Swamp:1  | Found a runed translucent gate.
 32358 | Swamp:1  | Found a runed translucent gate.
 32427 | Swamp:1  | Noticed loom's ghost (adept GnSk)
 32472 | Swamp:1  | Killed loom's ghost
 32527 | Swamp:1  | Got a twitching brass ring
 32530 | Swamp:1  | Identified the ring "Wiapn" {Fire *Corrode rN+ MR++ Dex+3}
                  | (You found it on level 1 of the Swamp)
 32594 | Swamp:1  | Noticed a tentacled monstrosity
 32622 | Swamp:1  | Killed a tentacled monstrosity
 32622 | Swamp:1  | Reached skill level 1 in Armour
 33702 | Swamp:2  | Learned a level 2 spell: Passwall
 33708 | Swamp:2  | Learned a level 5 spell: Lee's Rapid Deconstruction
 33715 | Swamp:2  | Learned a level 6 spell: Deflect Missiles
 34451 | Swamp:3  | Reached skill level 1 in Charms
 35126 | Swamp:4  | Entered Level 4 of the Swamp
 35281 | Swamp:4  | Learned a level 2 spell: Sublimation of Blood
 35496 | Swamp:4  | Gained mutation: Your flesh is heat resistant. (rF+)
                  | [demonic ancestry]
 35496 | Swamp:4  | Reached XP level 18. HP: 99/148 MP: 32/32
 36352 | Swamp:4  | Lost mutation: You are robust. (+10% HP) [potion of
                  | mutation]
 36352 | Swamp:4  | Gained mutation: You have sharp toenails. [potion of
                  | mutation]
 36352 | Swamp:4  | Gained mutation: You tend to lose your temper in combat.
                  | [potion of mutation]
 36352 | Swamp:4  | Gained mutation: Your system is resistant to poisons.
                  | (rPois) [potion of mutation]
 36353 | Swamp:4  | Lost mutation: Your system is resistant to poisons. (rPois)
                  | [potion of mutation]
 36353 | Swamp:4  | Gained mutation: You are robust. (+10% HP) [potion of
                  | mutation]
 36353 | Swamp:4  | Gained mutation: You evolve. [potion of mutation]
 36354 | Swamp:4  | Lost mutation: You have sharp toenails. [potion of
                  | mutation]
 36354 | Swamp:4  | Lost mutation: Scrolls take you a little longer to read.
                  | [potion of mutation]
 36354 | Swamp:4  | Lost mutation: You are robust. (+10% HP) [potion of
                  | mutation]
 36354 | Swamp:4  | Gained mutation: Your spells are a little harder to cast,
                  | but a little more powerful. [potion of mutation]
 36354 | Swamp:4  | Gained mutation: Your mind is acute. (Int +2) [potion of
                  | mutation]
 36354 | Swamp:4  | Lost mutation: You tend to lose your temper in combat.
                  | [potion of mutation]
 36693 | D:12     | Killed tamionv's ghost
 36713 | D:12     | Killed Zigma's ghost
 36906 | D:8      | Gained mutation: You are clumsy. (Dex -2) [evolution]
 36910 | D:8      | Killed HAL9000's ghost
 37100 | Elf:1    | Entered Level 1 of the Elven Halls
 37425 | Elf:1    | Reached skill level 5 in Armour
 37605 | Elf:1    | Identified the Disquisition on Creation
 37646 | Elf:1    | Reached skill level 15 in Fighting
 37798 | Elf:1    | Found Demun's Jewellery Boutique.
 37798 | Elf:1    | Found Geora's Gadget Emporium.
 37799 | Elf:1    | Found Buethiofot's Jewellery Boutique.
 38301 | Elf:1    | Found a portal to a secret trove of treasure.
 38493 | Vaults:1 | Entered Level 1 of the Vaults
 39038 | Vaults:1 | Paralysed by a hornet for 1 turns
 39201 | Vaults:1 | Learned a level 4 spell: Summon Lightning Spire
 39509 | Vaults:1 | Found Eseoheiv's Antique Armour Emporium.
 39653 | Vaults:1 | You fall through a shaft!
 39780 | Vaults:2 | Noticed Donald
 39797 | Vaults:2 | Killed Donald
 39797 | Vaults:2 | Gained mutation: Your movements are significantly less
                  | encumbered by armour. (ER -6) [demonic ancestry]
 39797 | Vaults:2 | Reached XP level 19. HP: 68/139 MP: 33/33
 40430 | Vaults:2 | Reached skill level 5 in Charms
 40762 | Vaults:2 | Reached skill level 10 in Evocations
 41030 | Vaults:2 | Identified the +0 robe of Zifogas {rPois}
 41044 | Vaults:2 | Found a radiant altar of Vehumet.
 41180 | Vaults:2 | Identified the +1 robe "Xewit" {rElec} (You found it on
                  | level 2 of the Vaults)
 41273 | Vaults:2 | Gained mutation: You possess an exceptional clarity of
                  | mind. [evolution]
 41679 | Vaults:2 | Reached skill level 15 in Shields
 41790 | Vaults:2 | Reached skill level 10 in Translocations
 42888 | Vaults:3 | Identified the +5 scale mail of the Trombone {+Blink rElec}
                  | (You found it on level 3 of the Vaults)
 43412 | Vaults:3 | Found a staircase to the Crypt.
 43751 | Vaults:4 | Reached skill level 10 in Charms
 43968 | Vaults:4 | Reached skill level 1 in Summonings
 43968 | Vaults:4 | Reached skill level 1 in Air Magic
 43968 | Vaults:4 | Reached XP level 20. HP: 146/146 MP: 29/34
 44369 | Orc:1    | Bought a scroll of brand weapon for 340 gold pieces
 45983 | Elf:2    | Noticed Roxanne
 46023 | Elf:2    | Reached skill level 5 in Summonings
 46198 | Elf:2    | Reached skill level 5 in Air Magic
 46206 | Elf:2    | Learned a level 5 spell: Aura of Abjuration
 46286 | Elf:2    | Found a runed translucent gate.
 46287 | Elf:2    | Found a runed translucent gate.
 46288 | Elf:2    | Found a runed translucent gate.
 46608 | Elf:3    | Entered Level 3 of the Elven Halls
 46625 | Elf:3    | Found an ancient bone altar of Kikubaaqudgha.
 47493 | Elf:3    | Found an ancient bone altar of Kikubaaqudgha.
 48571 | Elf:3    | Identified the +6 scimitar of Ixumn {chaos, rF+ MR+}
 48671 | Elf:3    | Cast into level 2 of the Abyss (a deep elf sorcerer)
 48671 | Abyss:2  | Found a corrupted altar of Lugonu.
 48729 | Elf:3    | Escaped the Abyss
 49056 | Elf:3    | Identified Sif Muna's Collected Works on Icy Lightness
 49331 | Depths:1 | Entered Level 1 of the Depths
 49490 | Depths:1 | Gained mutation: You regenerate a lot of health from kills.
                  | [demonic ancestry]
 49490 | Depths:1 | Reached XP level 21. HP: 95/152 MP: 35/35
 49644 | Depths:1 | Noticed a caustic shrike
 49676 | Depths:1 | Killed a caustic shrike
 49730 | Depths:1 | Noticed a juggernaut
 49736 | Depths:1 | Identified the +6 hand crossbow of Resourcefulness {flame,
                  | rN+ MR++}
 49740 | Depths:1 | Noticed a caustic shrike
 49745 | Depths:1 | Killed a juggernaut
 49745 | Depths:1 | Reached skill level 10 in Summonings
 49749 | Depths:1 | Killed a caustic shrike
 50083 | Depths:1 | Identified the +0 demon trident of the People {elec, Int+2}
 50154 | Depths:1 | Reached skill level 10 in Air Magic
 50188 | Depths:1 | Identified the +8 triple sword "Hesos" {drain, *Contam +Inv
                  | Str+3}
 50855 | Depths:1 | Found Xoocyunauxt's Antique Weapon Shoppe.
 51144 | Depths:1 | Identified the +0 ice dragon scales of the Untouchables
                  | {rF- rC++ Int+2} (You found it on level 1 of the Depths)
 51266 | Depths:1 | Found a gateway to Hell.
 52369 | Depths:2 | Paralysed by a lich for 7 turns
 52375 | Depths:2 | Slain by a tengu reaver

Levels and vault maps discovered:
D:1:      kilobyte_arrival_exit_the_forest, layout_loops_corners
D:2:      layout_basic, first_ration, supply_closet_lemuel
D:3:      minmay_general_purpose_star, layout_loops_ring,
          regret_index_temple_of_mockery, fedhas_altar_3,
          lemuel_coloured_pillars_altar, gammafunk_temple_overflow_pools,
          portal_sewer_entry_f, wander_ebering_terrifying_dragon_lair,
          uniq_sigmund
D:4:      layout_loops_ring, elyvilon_altar_4, uniq_duvessa
D:5:      layout_rooms, nicolae_overflow_crystal_walls,
          minmay_temple_entry_statues_fountains, uniq_edmund, uniq_eustachio
D:6:      layout_loops_ring, serial_bayou_crossing, uniq_crazy_yiuf_cottage
D:7:      layout_basic, serial_shops, nicolae_shop_crystal
D:8:      layout_rooms, ebering_ghost_gozag, uniq_joseph
D:9:      layout_loops_corners, gammafunk_temple_overflow_arena,
          kennysheep_vampire_church, serial_shops, nicolae_shop_trees,
          kennysheep_little_box, nicolae_shop_statue_plus, shop
D:10:     layout_cave_pods, dpeg_oklobed_lair
D:11:     layout_irregular_city, uniq_erolcha
D:12:     layout_long_grid, erik_orc_2, basic_altar, gammafunk_ghost_cemetery,
          hangedman_ranch [blue_anna_fruit_fields], nooodl_food_tri
D:13:     wander_river, layout_irregular_city,
          lightli_vaults_fourway_checkpoint, serial_ice, serial_ice_b,
          serial_ice_f, serial_ice_j, serial_ice_h, serial_ice_a, serial_ice_g,
          serial_ice_c, serial_ice_d, portal_ice_cave_entry_imps, uniq_nessos
D:14:     layout_loops_ring, skrybe_limestone_x, gauntlet_entry_generic,
          tso_metal_star, uniq_jorgrun
D:15:     grunt_enter_depths_snipers, layout_loops_ring, columned_hall_lemuel,
          minmay_diced_spiral
Lair:1:   layout_regular_city
Lair:2:   layout_hall_layers, spider_nest_entry_webs
Lair:3:   layout_cave_pods, palyth_hydra_swamp_entry, roderic_carrion_pond,
          grunt_megastairs_1, serial_bayou_shore_b
Lair:4:   layout_cave_pods, pf_torpor_hydra
Lair:5:   layout_roguey, infiniplex_staircase_pool, grunt_megastairs_3,
          serial_bayou_shore_b
Lair:6:   cheibrodos_lair_end_hotspot, layout_regular_city,
          minmay_slime_entry_oklob_open, basic_altar
Swamp:1:  cheibrodos_swamp_monstrosity, layout_basic_swamp,
          gammafunk_ghost_necromancy, evilmike_swamp_ruin_house_1
Swamp:2:  layout_falls_marsh, evilmike_swamp_ruin_house_4,
          infiniplex_staircase_pool_2
Swamp:3:  layout_basic_swamp, serial_swamp_ruin, evilmike_swamp_ruin_house_3,
          evilmike_swamp_ruin_rubble_2, evilmike_swamp_ruin_house_5
Swamp:4:  swamp_icy, layout_basic_swamp, swamp_pool3
Spider:1: layout_spider_delve
Spider:2: layout_spider_delve, drop_trap, nicolae_spider_shape
Spider:3: layout_spider_delve
Spider:4: johnstein_spider_rune_arachne_lair, uniq_asterion, uniq_louise
Orc:1:    layout_caves, serial_shops, nicolae_shop_overgrown_old_shop, shop,
          shop, shop, uniq_sonja, uniq_fannar, uniq_erica
Orc:2:    st_orc_mages, layout_caves
Elf:1:    minmay_elf_arrival_plus, layout_gridlike, trove_entry_hex_spiral,
          minmay_elf_demonology, minmay_shop_grove
Elf:2:    layout_geoelf_diagonals, uniq_agnes, uniq_roxanne
Elf:3:    elf_hall_gauntlet_narrow, layout_geoelf_octagon, basic_altar,
          small_chamber_with_monster
Vaults:1: nicolae_vaults_murderbox, dpeg_vaults_monster_box,
          ontoclasm_vaults_decontamination, hangedman_vaults_river_flow,
          vaults_dpeg_cross, v_misc_13, nicolae_vaults_alarming,
          layout_vaults_maze_bifur, serial_shops, nicolae_shop_behind_doors
Vaults:2: vaults_room_door_ring, v_rooms_1, grunt_tower_of_power,
          grunt_vaults_focal, v_pattern_2, serial_ice_m,
          nicolae_vaults_little_squares_4, ontoclasm_vaults_loading_screen,
          vaults_mumra_hexcomb, hangedman_vaults_maws, ontoclasm_vaults_twist,
          v_misc_24, nicolae_vaults_little_squares_2, layout_vaults_omnicross,
          uniq_donald
Vaults:3: ontoclasm_vaults_tryst, v_rooms_4, vaults_room_guarded_vault,
          vaults_room_semicircle, grunt_vaults_diagonal,
          blue_anna_dwarven_crypt, nicolae_vaults_rhombus_6,
          layout_vaults_omnigrid
Vaults:4: v_alt_pattern_4, kb_rosetta, nicolae_vaults_stairing_the_circle,
          v_misc_31, nicolae_vaults_little_squares_1,
          nicolae_vaults_mini_display_case, ontoclasm_vaults_loading_screen,
          nicolae_vaults_specimen_jars, vaults_standard_mumra_enter_the_diamond,
          nicolae_vaults_network_star, nicolae_vaults_angled_halls,
          hangedman_vaults_maws, layout_vaults_ring
Depths:1: minmay_the_grid_octo_tiled_octocenter_mashed
          [minmay_the_grid_octo_thin_diamonds, minmay_the_grid_octo_empty,
          minmay_the_grid_octo_clover_2, minmay_the_grid_octo_teeth,
          minmay_the_grid_octo_prize_star, minmay_the_grid_square_5x5_n,
          minmay_the_grid_square_5x5_broken_cross, minmay_the_grid_square_5x5_c,
          minmay_the_grid_square_5x5_spiral_small], layout_small_grid,
          grunt_hell_horde, grunt_decor_arrowhead, serial_shops, shop,
          kennysheep_underground_church
Depths:2: hourglass_vault, layout_gridville, kennysheep_decorative_pillar,
          hell_entry

Skill      XL: |  1  2  3  4  5  6  7  8  9 10 11 12 13 14 15 16 17 18 19 20 21 |
---------------+----------------------------------------------------------------+-----
Spellcasting   | 3 4 5 6 7 8 9 10 | 10.0
Poison Magic   | 4 5 6 7 8 9 10 | 10.0
Fighting       | 1 4 6 8 10 11 12 13 14 15 | 15.5
Polearms       | 1 3 6 7 9 11 12 13 14 | 14.0
Dodging        | 4 6 |  6.0
Invocations    | 6 9 10 | 10.0
Shields        | 4 8 10 11 13 14 15 | 15.0
Translocations | 3 6 8 9 10 | 10.0
Evocations     | 3 6 8 9 10 | 10.0
Armour         | 3 7 8 |  8.0
Charms         | 1 4 10 | 10.0
Summonings     | 1 9 12 | 12.0
Air Magic      | 1 8 12 | 12.1
Stealth        | |  1.7
Conjurations   | |  1.0

Action                   |  1- 3 |  4- 6 |  7- 9 | 10-12 | 13-15 | 16-18 | 19-21 || total
-------------------------+-------+-------+-------+-------+-------+-------+-------++-------
Melee: Unarmed           |    14 |     3 |       |       |       |       |       ||    17
       Dagger            |    24 |    87 |    68 |       |       |     2 |    10 ||   191
       Headbutt          |     3 |    10 |    24 |    49 |   111 |   184 |   148 ||   529
       Halberd           |       |       |    24 |       |       |       |       ||    24
       Whip              |       |       |    67 |   270 |       |       |       ||   337
       Demon trident     |       |       |       |   106 |  1068 |  1499 |  1340 ||  4013
Throw: Dart              |       |       |       |     5 |       |       |       ||     5
 Cast: Sting             |    47 |    13 |       |       |       |       |       ||    60
       Poisonous Vapours |    12 |    40 |    98 |    72 |    92 |   127 |    93 ||   534
       Olgreb's Toxic Ra |       |       |    15 |    44 |   112 |   104 |    91 ||   366
       Apportation       |       |       |       |       |     1 |       |     1 ||     2
       Passage of Golubr |       |       |       |       |       |     5 |     5 ||    10
       Summon Lightning  |       |       |       |       |       |       |    14 ||    14
       Aura of Abjuratio |       |       |       |       |       |       |     2 ||     2
       Deflect Missiles  |       |       |       |       |       |       |     2 ||     2
Invok: Ancestor Life: He |       |       |     1 |       |       |       |       ||     1
       Recall Ancestor   |       |       |       |     2 |     3 |    22 |    10 ||    37
       Idealise          |       |       |       |     1 |     8 |    18 |     7 ||    34
       Transference      |       |       |       |       |     3 |     3 |       ||     6
 Abil: Evoke Invisibilit |       |       |       |       |    10 |    18 |    12 ||    40
Evoke: Wand              |       |       |       |    16 |     5 |    48 |    22 ||    91
       Box of beasts     |       |       |       |       |       |     5 |       ||     5
       Phantom mirror    |       |       |       |       |       |     1 |       ||     1
  Use: Scroll            |     4 |     6 |     7 |    12 |    18 |     8 |    12 ||    67
       Potion            |       |     7 |       |     1 |       |    11 |     3 ||    22
 Stab: Distracted        |       |       |     2 |     3 |     8 |    19 |    12 ||    44
       Sleeping          |       |       |     3 |     6 |    21 |    12 |     7 ||    49
       Paralysed         |       |       |       |    14 |    21 |    48 |    62 ||   145
       Invisible         |       |       |       |       |    18 |    42 |    22 ||    82
       Confused          |       |       |       |       |    11 |    20 |    35 ||    66
       Held in net/web   |       |       |       |       |       |     3 |       ||     3
  Eat: Chunk             |     5 |     7 |    14 |    16 |    39 |    34 |    23 ||   138
       Ration            |       |     1 |       |     3 |     1 |     4 |     6 ||    15
Armor: Robe              |    13 |    13 |    25 |    20 |       |       |       ||    71
       Skin              |       |    65 |       |    12 |       |       |       ||    77
       Leather armour    |       |       |       |    72 |   169 |   220 |    53 ||   514
       Scale mail        |       |       |       |       |       |       |   194 ||   194
Dodge: Dodged            |    48 |    79 |    90 |   280 |   371 |   454 |   331 ||  1653
       Deflected         |       |       |       |       |       |       |    45 ||    45
Block: Shield            |       |       |       |       |   263 |   481 |   386 ||  1130
       Reflection        |       |       |       |       |       |       |    56 ||    56

Table legend:
 A = Non-vault XP
 B = Vault XP
 C = Vault XP percentage of total XP
 D = Non-vault monster count
 E = Vault monster count
 F = Vault count percentage of total count
                 A         B        C        D         E       F
            +---------+---------+-------+---------+---------+-------
      Total |  420961 |  273500 |  39.4 |    1311 |     544 |  29.3
            +---------+---------+-------+---------+---------+-------
        D:1 |      45 |       0 |   0.0 |      25 |       0 |   0.0
        D:2 |      56 |       0 |   0.0 |      20 |       0 |   0.0
        D:3 |      81 |     250 |  75.5 |      16 |      10 |  38.5
        D:4 |     643 |     206 |  24.3 |      30 |       2 |   6.2
        D:5 |     298 |     373 |  55.6 |      11 |       2 |  15.4
        D:6 |     781 |      40 |   4.9 |      25 |       1 |   3.8
        D:7 |    1179 |       0 |   0.0 |      29 |       0 |   0.0
        D:8 |    2651 |    1639 |  38.2 |      30 |       6 |  16.7
        D:9 |    2147 |      63 |   2.9 |      21 |       5 |  19.2
       D:10 |    1352 |       0 |   0.0 |      25 |       0 |   0.0
       D:11 |    2828 |     989 |  25.9 |      32 |       1 |   3.0
       D:12 |    3621 |    6094 |  62.7 |      21 |      35 |  62.5
       D:13 |    4176 |   12094 |  74.3 |      27 |      41 |  60.3
       D:14 |   10457 |    3186 |  23.4 |      32 |       1 |   3.0
       D:15 |    9042 |    5253 |  36.7 |      30 |       9 |  23.1
     Lair:1 |    2467 |       0 |   0.0 |      13 |       0 |   0.0
     Lair:2 |    5939 |     844 |  12.4 |      22 |       4 |  15.4
     Lair:3 |    2468 |    3972 |  61.7 |      14 |      17 |  54.8
     Lair:4 |     877 |    1392 |  61.3 |       8 |       2 |  20.0
     Lair:5 |    6106 |      93 |   1.5 |      20 |       1 |   4.8
     Lair:6 |    7248 |   10044 |  58.1 |      32 |      28 |  46.7
    Swamp:1 |   14435 |    6862 |  32.2 |      45 |      13 |  22.4
    Swamp:2 |   13804 |       0 |   0.0 |      34 |       0 |   0.0
    Swamp:3 |   12138 |       0 |   0.0 |      19 |       0 |   0.0
    Swamp:4 |   10736 |    2662 |  19.9 |      31 |      15 |  32.6
   Spider:1 |   12637 |       0 |   0.0 |      37 |       0 |   0.0
   Spider:2 |   20861 |    2965 |  12.4 |      62 |       8 |  11.4
   Spider:3 |   21551 |       0 |   0.0 |      62 |       0 |   0.0
   Spider:4 |    5039 |   33640 |  87.0 |      19 |      54 |  74.0
      Orc:1 |    8274 |    2803 |  25.3 |      48 |       3 |   5.9
      Orc:2 |    5591 |    5007 |  47.2 |      68 |      42 |  38.2
      Elf:1 |   18470 |    6335 |  25.5 |      29 |      10 |  25.6
      Elf:2 |   22052 |    1710 |   7.2 |      45 |       2 |   4.3
      Elf:3 |    8447 |   36695 |  81.3 |      15 |      31 |  67.4
   Vaults:1 |   32344 |    5106 |  13.6 |      65 |       9 |  12.2
   Vaults:2 |   43341 |   17298 |  28.5 |      96 |      34 |  26.2
   Vaults:3 |   24013 |   11979 |  33.3 |      40 |      14 |  25.9
   Vaults:4 |   13377 |   25686 |  65.8 |      24 |      38 |  61.3
   Depths:1 |   38691 |   55461 |  58.9 |      49 |      55 |  52.9
   Depths:2 |   29984 |     515 |   1.7 |      37 |       3 |   7.5
    Abyss:2 |     201 |       0 |   0.0 |       1 |       0 |   0.0
      Sewer |       0 |     141 | 100.0 |       0 |       6 | 100.0
      IceCv |       0 |    9321 | 100.0 |       0 |      36 | 100.0
   Gauntlet |     513 |    2782 |  84.4 |       2 |       6 |  75.0
            +---------+---------+-------+---------+---------+-------
